 Dungeon Crawl Stone Soup version 0.27-a0-1217-g8a41f320e8 (webtiles) character file.

Game seed: 10650516868132620052

63263 27snakeeyes612 the Severer (level 14, 0/126 HPs)
             Began as a Minotaur Fighter on June 6, 2021.
             Was the Champion of Okawaru.
             Slain by an eight-headed hydra (2 damage)
             ... while petrified by a basilisk
             ... on level 12 of the Dungeon.
             The game lasted 00:17:49 (24360 turns).

27snakeeyes612 the Severer (Minotaur Fighter)      Turns: 24360, Time: 00:17:49

Health: 0/126      AC: 27    Str: 24    XL:     14   Next: 67%
Magic:  17/17      EV:  2    Int:  5    God:    Okawaru [******]
Gold:   1949       SH:  0    Dex: 12    Spells: 13/13 levels left

rFire    . . .     SeeInvis .   D - +5 flail (protect)
rCold    . . .     Faith    .   c - +0 kite shield
rNeg     + + +     Spirit   .   q - +4 chain mail
rPois    ∞         Reflect  .   (helmet restricted)
rElec    .         Harm     .   z - +1 cloak
rCorr    .         Rampage  .   B - +0 pair of gloves
Will     +....                  M - +1 pair of boots {Fly}
Stlth    ..........             (no amulet)
HPRegen  0.31/turn              F - +4 ring of protection
MPRegen  0.15/turn              (no ring)

@: petrified, flying
A: horns 2, retaliatory headbutt
a: Renounce Religion, Heroism, Finesse


You were on level 12 of the Dungeon.
You worshipped Okawaru.
Okawaru was exalted by your worship.
You visited 3 branches of the dungeon, and saw 19 of its levels.

You collected 1949 gold pieces.

Inventory:

Hand Weapons
 a - a +0 war axe
 h - a +3 broad axe of freezing
 D - a +5 flail of protection (weapon)
Missiles
 d - 2 throwing nets
 o - 5 boomerangs of dispersal
 w - 3 curare-tipped darts
Armour
 b - a +0 scale mail
 c - a +0 kite shield (worn)
 q - a +4 chain mail (worn)
 z - a +1 cloak (worn)
 B - a +0 pair of gloves (worn)
 I - the -2 pair of gloves of the Shrike {Fly rElec rF++ Stlth-}
   (Okawaru gifted it to you on level 6 of the Lair of Beasts)

   It greatly protects you from fire.
   It insulates you from electricity.
   It grants you flight.
   It makes you less stealthy.
 M - a +1 pair of boots of flying (worn)
Jewellery
 k - a +6 ring of intelligence
 F - a +4 ring of protection (left hand)
 L - a ring of resist corrosion
Wands
 p - a wand of charming (31)
 s - a wand of flame (86)
 v - a wand of polymorph (9)
 y - a wand of acid (22) (quivered)
 G - a wand of iceblast (31)
Scrolls
 e - 6 scrolls of enchant armour
 j - 7 scrolls of identify
 m - 7 scrolls of noise
 J - 2 scrolls of enchant weapon {unknown}
 N - a scroll of fear
 O - 2 scrolls of amnesia
 P - a scroll of magic mapping {unknown}
 Q - a scroll of fog {unknown}
 S - a scroll of blinking
 T - a scroll of teleportation
Potions
 f - a potion of lignification
 g - 4 potions of curing
 i - 2 potions of cancellation
 l - 3 potions of resistance {unknown}
 n - 2 potions of berserk rage
 r - 6 potions of brilliance
 t - 2 potions of flight
 u - 5 potions of haste
 x - 3 potions of might
 A - 5 potions of heal wounds
 C - a potion of degeneration {unknown}
 H - 2 potions of attraction {unknown}
 K - 2 potions of ambrosia {unknown}
 R - a potion of mutation {unknown}
Miscellaneous
 E - a piece from Xom's chessboard (15/15)


   Skills:
 + Level 12.0 Fighting
 + Level 17.1(17.2) Axes
 - Level 3.4(12.0) Maces & Flails
 + Level 12.5 Armour
 + Level 5.9 Dodging
 + Level 2.5 Stealth
 + Level 12.0 Shields
 * Level 6.5 Invocations
 * Level 8.4 Evocations


You had 13 spell levels left.
You didn't know any spells.
Your spell library contained the following spells:

 Spells                   Type           Power      Damage    Failure   Level
 Animate Skeleton         Necr           0%         N/A       98%         1
 Apportation              Tloc           0%         N/A       98%         1
 Corona                   Hex            0%         N/A       98%         1
 Summon Small Mammal      Summ           0%         N/A       98%         1
 Ensorcelled Hibernation  Hex/Ice        0%         N/A       99%         2
 Confusing Touch          Hex            0%         N/A       100%        3
 Dazzling Flash           Conj/Hex       0%         N/A       100%        3
 Gell's Gravitas          Tloc           0%         N/A       100%        3
 Tukima's Dance           Hex            0%         N/A       100%        3
 Animate Dead             Necr           0%         N/A       100%        4
 Petrify                  Tmut/Erth      0%         N/A       100%        4
 Borgnjor's Vile Clutch   Necr/Erth      0%         N/A       100%        5
 Metabolic Englaciation   Hex/Ice        0%         N/A       100%        5
 Yara's Violent Unravell  Hex/Tmut       0%         3d3       100%        5
 Death Channel            Necr           0%         N/A       100%        6
 Simulacrum               Ice/Necr       0%         N/A       100%        6


Dungeon Overview and Level Annotations

Branches:
Dungeon (12/15)            Temple (1/1) D:7            Lair (6/6) D:8
  Swamp (0/4) Lair:2        Snake (0/4) Lair:4        Slime (0/5) Lair:5
    Orc (0/2) D:10

Altars:
Ashenzari
Cheibriados
Dithmenos
Elyvilon
Fedhas
Gozag
Hepliaklqana
Kikubaaqudgha
Makhleb
Nemelex Xobeh
Okawaru
Qazlal
Ru
Sif Muna
Trog
Uskayaw
Vehumet
Wu Jian
Xom
Yredelemnul
Zin
The Shining One
Jiyva

Shops:
D:5 ?

Annotations:
D:3 2 runed translucent doors, Glokmah's ghost, amateur MfWr
D:5 3 runed translucent doors, Glokmah's ghost, novice DsAr
D:11 2 transporters


Innate Abilities, Weirdness & Mutations

You have a pair of horns on your head.
You reflexively headbutt those who attack you in melee.


Message History

* * * LOW HITPOINT WARNING * * *
The eight-headed hydra bites you but does no damage. x2
The eight-headed hydra bites you but does no damage. x3
The eight-headed hydra barely misses you.
The eight-headed hydra bites you but does no damage.
The eight-headed hydra bites you.
* * * LOW HITPOINT WARNING * * *
The eight-headed hydra barely misses you.
The eight-headed hydra bites you but does no damage.
The eight-headed hydra bites you but does no damage. x5
The eight-headed hydra completely misses you. x2
The eight-headed hydra bites you but does no damage.
The eight-headed hydra bites you but does no damage. x8
The eight-headed hydra bites you.
* * * LOW HITPOINT WARNING * * *
The eight-headed hydra bites you but does no damage.
The eight-headed hydra bites you!
* * * LOW HITPOINT WARNING * * *
The eight-headed hydra bites you but does no damage. x5
The eight-headed hydra completely misses you.
The eight-headed hydra bites you but does no damage. x3
The eight-headed hydra barely misses you.
The eight-headed hydra bites you but does no damage. x3
The eight-headed hydra bites you.
* * * LOW HITPOINT WARNING * * *
The eight-headed hydra bites you but does no damage.
The eight-headed hydra bites you!
* * * LOW HITPOINT WARNING * * *
The eight-headed hydra bites you but does no damage.
The eight-headed hydra bites you.
* * * LOW HITPOINT WARNING * * *
The eight-headed hydra bites you but does no damage.
The eight-headed hydra bites you.
* * * LOW HITPOINT WARNING * * *
The eight-headed hydra bites you but does no damage.
The eight-headed hydra bites you but does no damage. x6
The eight-headed hydra bites you!
* * * LOW HITPOINT WARNING * * *
The eight-headed hydra bites you.
You die...

# #..#..# . #..#..# ##.
#..# ..#. #.....# #
##.##..##..#. #.....#.# #
..#..##..#.# #........ #
#.#..##..#.####.......#
###.#..##..#.............
.......##.....[.D.....#
................@...###
................)...#
####...##..#..#..)......
#...J.##..<..#.........
#.##.###..#..#.....####
#.##..#...#..#.....#
##.###.##..#..#.....#
.J......#.............
#######.#..#........##


You could see an eight-headed hydra.

Vanquished Creatures
  8 hydras
  Harold (D:7)
  A centaur warrior (D:11)
  A catoblepas (Lair:5)
  2 boulder beetles
  2 two-headed ogres (D:10)
  Sonja (Lair:2)
  4 skeletal warriors (D:11)
  Pikel (D:5)
  A necromancer (Lair:4)
  A wolf spider (Lair:6)
  2 oklob plants (Lair:1)
  17 elephants
  9 black mambas
  A guardian serpent (Lair:6)
  A torpor snail (Lair:3)
  An unseen horror (D:12)
  18 cane toads
  Maggie (D:7)
  9 komodo dragons
  5 rime drakes
  3 trolls
  3 hornets
  4 polar bears
  19 blink frogs
  3 slime creatures (D:12)
  13 dream sheep
  4 redbacks (Lair:6)
  A shadow (D:11)
  7 wyverns
  5 wraiths (D:11)
  Eustachio (D:4)
  6 basilisks
  46 yaks
  3 fire bats
  2 steam dragons
  Grum (D:9)
  Edmund (D:6)
  3 nagas (Lair:4)
  2 acid dragons
  30 water moccasins
  Duvessa (D:7)
  An ice beast (D:7)
  2 orc warriors (D:10)
  A sky beast (D:5)
  A black bear (D:7)
  A necrophage (D:4)
  3 elephant zombies (Lair:4)
  4 ogres
  12 wolves
  A centaur (D:7)
  18 bullfrogs
  A gnoll sergeant (D:9)
  Dowan (D:7)
  A water moccasin zombie (D:5)
  2 scorpions (D:3)
  A wyvern skeleton (D:7)
  A water moccasin skeleton (D:5)
  4 killer bees (D:10)
  5 wights (D:10)
  2 electric eels (Lair:4)
  4 centaur zombies
  2 basilisk zombies (Lair:4)
  A jelly (D:6)
  A centaur skeleton (D:7)
  8 orc priests
  3 hounds
  A scorpion zombie (D:5)
  7 iguanas
  10 hell rats
  12 orc wizards
  2 howler monkey zombies (D:9)
  4 gnolls (D:9)
  9 adders
  6 river rats (Lair:2)
  5 white imps
  An ufetubus (D:6)
  2 adder skeletons (D:4)
  A worm (D:2)
  2 dart slugs
  53 orcs
  7 endoplasms
  5 giant cockroaches
  6 goblins
  8 hobgoblins
  9 jackals
  3 quokkas
  3 ball pythons
  7 bats
  3 frilled lizards (D:3)
  4 kobolds
  12 rats
508 creatures vanquished.

Vanquished Creatures (others)
  54 fungi
  73 plants
127 creatures vanquished.

Grand Total: 635 creatures vanquished

Notes
Turn   | Place    | Note
-------+----------+-------------------------------------------
     0 | D:1      | 27snakeeyes612 the Minotaur Fighter began the quest for the
                  | Orb.
     0 | D:1      | Reached XP level 1. HP: 19/19 MP: 0/0
   251 | D:1      | Reached XP level 2. HP: 27/27 MP: 1/1
   864 | D:2      | Reached skill level 3 in Axes
   864 | D:2      | Reached XP level 3. HP: 29/33 MP: 2/2
  1249 | D:2      | Reached XP level 4. HP: 36/40 MP: 3/3
  1569 | D:3      | Reached skill level 1 in Dodging
  1639 | D:3      | Noticed a scorpion
  1642 | D:3      | Killed a scorpion
  1643 | D:3      | Reached skill level 4 in Axes
  1643 | D:3      | Reached XP level 5. HP: 41/46 MP: 4/4
  1950 | D:3      | Reached skill level 5 in Axes
  1952 | D:3      | Reached XP level 6. HP: 36/53 MP: 5/5
  2114 | D:3      | Found a faded altar of an unknown god.
  2154 | D:3      | Found a runed translucent door.
  2155 | D:3      | Noticed Glokmah's ghost (amateur MfWr)
  2244 | D:3      | Found a runed translucent door.
  2389 | D:4      | Noticed Eustachio
  2701 | D:4      | Killed Eustachio
  2702 | D:4      | Reached skill level 5 in Armour
  2702 | D:4      | Reached skill level 5 in Shields
  2802 | D:4      | Reached skill level 6 in Axes
  3101 | D:4      | Reached XP level 7. HP: 55/60 MP: 6/6
  3148 | D:4      | Noticed a wyvern
  3160 | D:4      | Killed a wyvern
  3161 | D:4      | Reached skill level 5 in Fighting
  3722 | D:4      | Reached skill level 7 in Axes
  3870 | D:5      | Entered Level 5 of the Dungeon
  4172 | D:5      | Reached XP level 8. HP: 69/69 MP: 7/7
  4329 | D:5      | Found a runed translucent gate.
  4329 | D:5      | Found a runed translucent gate.
  4329 | D:5      | Found a runed translucent gate.
  4330 | D:5      | Noticed Glokmah's ghost (novice DsAr)
  4481 | D:5      | Found Tylumyi's Magic Scroll Shop.
  4501 | D:5      | Reached skill level 8 in Axes
  5499 | D:6      | Noticed Pikel
  5670 | D:5      | Killed Pikel
  5671 | D:5      | Reached skill level 9 in Axes
  5671 | D:5      | Reached XP level 9. HP: 44/78 MP: 8/8
  6083 | D:6      | Noticed Edmund
  6096 | D:6      | Killed Edmund
  6630 | D:7      | Noticed Harold
  6641 | D:7      | Killed Harold
  6642 | D:7      | Reached skill level 10 in Axes
  6947 | D:7      | Noticed Duvessa
  6947 | D:7      | Noticed Dowan
  6951 | D:7      | Killed Duvessa
  6952 | D:7      | Reached skill level 11 in Axes
  6967 | D:7      | Killed Dowan
  7323 | D:7      | Noticed Maggie
  7333 | D:7      | Killed Maggie
  7334 | D:7      | Reached XP level 10. HP: 54/88 MP: 9/9
  7567 | D:7      | Found a staircase to the Ecumenical Temple.
  7617 | Temple   | Entered the Ecumenical Temple
  7744 | Temple   | Became a worshipper of Warmaster Okawaru
  8658 | D:8      | Found a staircase to the Lair.
  9386 | D:9      | Found a burning altar of Makhleb.
  9404 | D:9      | Reached skill level 1 in Evocations
  9452 | D:9      | Reached * piety under Okawaru
  9866 | D:9      | Paralysed by a hornet for 1 turns
 10560 | D:9      | Identified a scroll of acquirement
 10560 | D:9      | Acquired a +3 vorpal broad axe
 10896 | D:9      | Noticed Grum
 10913 | D:9      | Killed Grum
 11348 | D:10     | Entered Level 10 of the Dungeon
 11348 | D:10     | Noticed a two-headed ogre
 11354 | D:10     | Killed a two-headed ogre
 11354 | D:10     | Reached ** piety under Okawaru
 11355 | D:10     | Reached skill level 12 in Axes
 11355 | D:10     | Reached skill level 10 in Armour
 11355 | D:10     | Reached skill level 1 in Stealth
 11513 | D:10     | Reached *** piety under Okawaru
 11514 | D:10     | Reached XP level 11. HP: 95/95 MP: 10/10
 11680 | D:10     | Noticed a two-headed ogre
 11690 | D:10     | Killed a two-headed ogre
 12267 | D:10     | Found a staircase to the Orcish Mines.
 12637 | D:11     | Noticed a boulder beetle
 12654 | D:11     | Killed a boulder beetle
 12654 | D:11     | Reached **** piety under Okawaru
 12655 | D:11     | Reached skill level 13 in Axes
 12920 | D:11     | Found a transporter.
 12944 | D:11     | Found a transporter.
 13198 | D:11     | Reached ***** piety under Okawaru
 13359 | D:11     | Noticed a skeletal warrior
 13361 | D:11     | Noticed a skeletal warrior
 13362 | D:11     | Noticed a skeletal warrior
 13445 | D:12     | Noticed a five-headed hydra
 13467 | D:12     | Killed a five-headed hydra
 13468 | D:12     | Reached skill level 1 in Maces & Flails
 13899 | Lair:1   | Entered Level 1 of the Lair of Beasts
 14111 | Lair:1   | Noticed an oklob plant
 14113 | Lair:1   | Noticed an oklob plant
 14127 | Lair:1   | Killed an oklob plant
 14130 | Lair:1   | Killed an oklob plant
 14452 | Lair:1   | Reached skill level 5 in Evocations
 15047 | Lair:2   | Found a hide-covered altar of Uskayaw.
 15056 | Lair:2   | Reached XP level 12. HP: 105/105 MP: 11/11
 15056 | Lair:2   | Acquired 562 gold pieces
 15133 | Lair:2   | Received a gift from Okawaru
 15140 | Lair:2   | Reached skill level 14 in Axes
 15143 | Lair:2   | Reached ****** piety under Okawaru
 15470 | Lair:2   | Noticed Sonja
 15483 | Lair:2   | Killed Sonja
 15484 | Lair:2   | Reached skill level 1 in Invocations
 16009 | Lair:2   | Found a staircase to the Swamp.
 16680 | Lair:3   | Found a burning altar of Makhleb.
 16706 | Lair:3   | Reached skill level 10 in Fighting
 16850 | Lair:3   | Reached skill level 15 in Axes
 17083 | Lair:3   | Noticed a four-headed hydra
 17101 | Lair:3   | Killed a four-headed hydra
 17558 | Lair:4   | Noticed a seven-headed hydra
 17581 | Lair:4   | Killed a seven-headed hydra
 17591 | Lair:4   | Received a gift from Okawaru
 17592 | Lair:4   | Reached skill level 10 in Shields
 17674 | Lair:4   | Reached XP level 13. HP: 64/113 MP: 14/14
 17694 | Lair:4   | Reached skill level 5 in Dodging
 17915 | Lair:4   | Found a staircase to the Snake Pit.
 17941 | Lair:4   | Found a sacrificial altar of Ru.
 19185 | Lair:5   | Found a viscous altar of Jiyva.
 19186 | Lair:5   | Found a staircase to the Slime Pits.
 19938 | Lair:5   | Received a gift from Okawaru
 20199 | Lair:5   | Reached skill level 16 in Axes
 20788 | Lair:6   | Entered Level 6 of the Lair of Beasts
 20804 | Lair:6   | Reached skill level 5 in Invocations
 21095 | Lair:6   | Identified the -2 pair of gloves of the Shrike {Fly rElec
                  | rF++ Stlth-} (Okawaru gifted it to you on level 6 of the
                  | Lair of Beasts)
 21095 | Lair:6   | Received a gift from Okawaru
 21627 | Lair:6   | Reached XP level 14. HP: 108/124 MP: 17/17
 22357 | Lair:6   | Identified the +0 robe of Qeng {rC+ Str+6 Int-2 Dex+2}
                  | (Okawaru gifted it to you on level 6 of the Lair of Beasts)
 22357 | Lair:6   | Received a gift from Okawaru
 22815 | Lair:6   | Reached skill level 17 in Axes
 23636 | D:11     | Found a viscous altar of Jiyva.
 24360 | D:12     | HP: 2/126 [eight-headed hydra (6)]
 24360 | D:12     | Slain by an eight-headed hydra

Illustrated notes

Levels and vault maps discovered:
D:1:      dpeg_arrival_leaves_temple_mockup, layout_basic, minmay_pentomino_r4
D:2:      layout_basic, amcnicky_mini_corridor_feature
D:3:      layout_basic, ebering_ghost_sewer_f,
          shapermc_ecumenical_altar_mp_ritualfount, minmay_divided_ellipse
D:4:      layout_basic, uniq_eustachio
D:5:      layout_gridville, ebering_ghost_rock_garden, serial_shops,
          shop_scrolls, serial_bayou_pond_c, minivault_5
D:6:      layout_gridville, nicolae_wand_duel, uniq_edmund, uniq_pikel
D:7:      layout_basic, minmay_temple_entry_antechambers,
          hellmonk_bongcloud_opening, minivault_5, corner_web_ring, uniq_maggie,
          uniq_harold, uniq_duvessa
D:8:      layout_gridville, david_lair_shrubbed
D:9:      layout_loops_corners, kennysheep_little_box, minivault_26,
          chequers_serial_rivers_room_a, uniq_grum
D:10:     layout_long_grid, hiddenorc1_lemuel, grunt_ministairs_13
D:11:     gammafunk_jiyva_shrine, layout_cave_pools, minmay_starry_boxes
D:12:     cheibrodos_helix_gallery, layout_basic, gammafunk_ghost_nasty_kobolds,
          serial_shops, nicolae_shop_crystal, kennysheep_mini_moat, shop
Temple:   kilobyte_greek_temple
Lair:1:   layout_roguey, minmay_lair_oklob_chamber
Lair:2:   layout_gridlike, swamp_mist_pool, basic_altar,
          kennysheep_abandoned_house, lemuel_fruit_tree, uniq_sonja
Lair:3:   layout_cave_pods, basic_altar, infiniplex_staircase_pool_2,
          grunt_megastairs_4
Lair:4:   pond_and_an_island_with_a_cottage, layout_loops_ring,
          minmay_snake_entry_guardpost_small, basic_altar
Lair:5:   nzn_winding_woodlands_medium [nzn_winding_woodlands_5x5_closed_star,
          nzn_winding_woodlands_5x15_sidewinder,
          nzn_winding_woodlands_5x5_checkerboard,
          nzn_winding_woodlands_5x5_three,
          nzn_winding_woodlands_center_diamonds,
          nzn_winding_woodlands_5x5_default, nzn_winding_woodlands_5x5_cross,
          nzn_winding_woodlands_5x15_default,
          nzn_winding_woodlands_5x5_open_star], layout_gridlike, slime_altar_1,
          chequers_serial_rivers_micro_a
Lair:6:   hangedman_lair_tendril_chambers, layout_regular_city

Skill      XL: |  1  2  3  4  5  6  7  8  9 10 11 12 13 14 |
---------------+-------------------------------------------+-----
Fighting       | 4 5 6 7 8 9 10 11 12 | 12.0
Shields        | 4 5 6 7 8 9 10 11 12 | 12.0
Armour         | 4 5 6 7 9 10 11 12 | 12.5
Axes           | 3 4 5 6 7 9 11 12 13 15 16 17 | 17.1
Dodging        | 1 2 3 4 5 |  5.9
Evocations     | 3 5 6 7 8 |  8.4
Stealth        | 1 2 |  2.5
Maces & Flails | 3 |  3.4
Invocations    | 3 5 6 |  6.5

Action                   |  1- 3 |  4- 6 |  7- 9 | 10-12 | 13-15 || total
-------------------------+-------+-------+-------+-------+-------++-------
Melee: War axe           |    59 |   118 |   238 |   123 |       ||   538
       Headbutt          |     6 |    19 |    47 |   127 |   130 ||   329
       Broad axe         |       |       |       |   441 |   522 ||   963
       Flail             |       |       |       |    56 |    45 ||   101
Invok: Heroism           |       |       |       |     2 |       ||     2
       Finesse           |       |       |       |     1 |     1 ||     2
Evoke: Wand              |       |       |       |     1 |       ||     1
  Use: Scroll            |       |       |     2 |    20 |     1 ||    23
       Potion            |       |       |     1 |     2 |       ||     3
 Stab: Petrified         |       |       |       |       |     4 ||     4
Armor: Scale mail        |    29 |    47 |       |       |       ||    76
       Chain mail        |       |     9 |   127 |   448 |   432 ||  1016
Dodge: Dodged            |    29 |    33 |    79 |   205 |   225 ||   571
Block: Kite shield       |    38 |    74 |   121 |   378 |   366 ||   977

Table legend: (Time is in decaauts)
 A = Elapsed time spent in this place.
 B = Non-inter-level travel time spent in this place.
 C = Inter-level travel time spent in this place.
 D = Time resting spent in this place.
 E = Time spent auto-exploring this place.
 F = Levels seen in this place.
 G = Mean time per level.
                   A        B        C        D        E       F      G
               +--------+--------+--------+--------+--------+-----+--------+
         Total |  24478 |  23317 |   1161 |   3033 |  17146 |  19 | 1288.3 |
       Dungeon |  14722 |  13874 |    848 |   2162 |   9928 |  12 | 1226.8 |
        Temple |    173 |    173 |      0 |      0 |    105 |   1 |  173.0 |
          Lair |   9582 |   9269 |    313 |    871 |   7113 |   6 | 1597.0 |
               +--------+--------+--------+--------+--------+-----+--------+

Top non-repeatable levels by time:
     D:9: 2235 daAuts
  Lair:5: 2181 daAuts
  Lair:6: 2036 daAuts
  Lair:4: 1640 daAuts
     D:5: 1608 daAuts
     D:7: 1468 daAuts
  Lair:2: 1463 daAuts
    D:10: 1409 daAuts
    D:11: 1387 daAuts
     D:4: 1290 daAuts
     D:8: 1240 daAuts
     D:6: 1205 daAuts
  Lair:3: 1168 daAuts
     D:3: 1122 daAuts
  Lair:1: 1092 daAuts
